 Dungeon Crawl Stone Soup version 0.26.0-8-g74fc34ddfb (webtiles) character file.

Game seed: 17074803606454440794

371 Froggeryz the Poker (level 6, -6/37 HPs)
             Began as a Tengu Abyssal Knight on Jan 12, 2021.
             Was a Believer of Lugonu.
             Mangled by an ogre
             ... wielding a +0 giant spiked club
              (26 damage)
             ... on level 4 of the Dungeon.
             The game lasted 00:04:03 (3844 turns).

Froggeryz the Poker (Tengu Abyssal Knight)          Turns: 3844, Time: 00:04:03

Health: -6/37      AC:  7    Str: 15    XL:     6   Next: 71%
Magic:  8/8        EV: 12    Int: 12    God:    Lugonu [**....]
Gold:   203        SH:  7    Dex: 13    Spells: 5/5 levels left

rFire    . . .     SeeInvis .   a - +1 spear
rCold    + . .     Faith    .   o - +2 buckler
rNeg     . . .     Spirit   .   k - +2 ring mail {rC+}
rPois    .         Reflect  .   (helmet restricted)
rElec    .         Harm     .   (no cloak)
rCorr    .         Rampage  .   (no gloves)
Will     .....                  (boots unavailable)
Stlth    +.........             (no amulet)
HPRegen  0.12/turn              (no ring)
MPRegen  0.11/turn              (no ring)

@: flying quickly and evasively, quick
A: beak, talons 3, able to fly
a: Stop Flying, Renounce Religion, Depart the Abyss, Bend Space


You were on level 4 of the Dungeon.
You worshipped Lugonu.
Lugonu was pleased with you.
You visited 1 branch of the dungeon, and saw 4 of its levels.
You visited the Abyss 1 time.

You collected 203 gold pieces.

Inventory:

Hand Weapons
 a - a +1 spear (weapon)
 m - a +0 trident
Armour
 k - a +2 ring mail of cold resistance (worn)
 o - a +2 buckler (worn)
Scrolls
 b - 3 scrolls of teleportation {unknown}
 d - a scroll of random uselessness {unknown}
 e - 2 scrolls of fog {unknown}
 f - 3 scrolls of remove curse {unknown}
 h - a scroll of amnesia {unknown}
 j - 6 scrolls of identify {unknown}
Potions
 c - a potion of degeneration {unknown}
 i - a potion of flight {unknown}
 l - a potion of haste {unknown}
 n - a potion of lignification {unknown}


   Skills:
 - Level 3.0 Fighting
 * Level 6.3 Polearms
 - Level 2.1 Armour
 - Level 1.1 Dodging
 + Level 3.4 Shields
 - Level 1.5 Invocations


You had 5 spell levels left.
You didn't know any spells.
Your spell library was empty.

Dungeon Overview and Level Annotations

Branches:
Dungeon (4/15)
 Temple: D:4-7

Altars:
Cheibriados
Fedhas


Innate Abilities, Weirdness & Mutations

You have a beak for a mouth.
You have claws for feet.
You can fly continuously.


Message History

The worker ant is engulfed in a cloud of scalding steam.
The worker ant dies!
You reach to attack!
You hit the ogre.
The ogre is lightly wounded.
You puncture the ogre!
The ogre is moderately wounded.
The ogre hits you with a +0 giant spiked club!
You are too injured to fight recklessly!
Really fly into a travel-excluded area?
Okay, then.
You hit the ogre. You claw the ogre!
The ogre is severely wounded.
You barely miss the ogre. You claw the ogre.
The ogre is almost dead.
The ogre closely misses you.
You completely miss the ogre.
The ogre is almost dead.
The ogre hits you with a +0 giant spiked club!!
Ouch! That really hurt!
You die...

#...#.....)≈≈≈..............
#...#.....≈≈≈≈≈.............
#.......≈≈≈≈≈§≈≈≈...........
####..≈≈≈≈≈≈§§§§≈≈†.........
##..≈≈≈≈≈≈§≈§≈...########
#.).≈≈≈≈≈≈≈§≈...........
#..)).≈≈§≈≈≈.....#######
#..))..≈≈≈≈≈≈≈...#
#......@≈≈≈≈≈≈...#
#..≈....O≈≈≈≈≈≈..#
#.≈≈≈.....≈≈≈≈...#
#.≈≈.......≈≈....#
#######..........#
############


You could see an ogre.

Vanquished Creatures
  A bullfrog (D:4)
  2 orc priests
  2 orc wizards
  Ijyb (D:3)
  An iguana (D:4)
  An adder (D:3)
  3 gnolls
  5 worms (D:2)
  A dart slug (D:2)
  6 leopard geckos
  13 orcs
  3 giant cockroaches
  9 goblins
  7 hobgoblins
  A jackal (D:1)
  4 kobolds
  A quokka (D:2)
  A ball python (D:2)
  7 bats
  5 frilled lizards
  A jackal skeleton (D:4)
  6 rats
81 creatures vanquished.

Vanquished Creatures (others)
  A worker ant (D:4)
  2 orcs (D:4)
3 creatures vanquished.

Grand Total: 84 creatures vanquished

Notes
Turn   | Place    | Note
-------+----------+-------------------------------------------
     0 | Abyss:1  | Froggeryz the Tengu Abyssal Knight began the quest for the
                  | Orb.
     0 | Abyss:1  | Reached XP level 1. HP: 14/14 MP: 3/3
    32 | Abyss:1  | Noticed a neqoxec
    42 | D:1      | Escaped the Abyss
   412 | D:1      | Reached XP level 2. HP: 15/19 MP: 4/4
   480 | D:1      | Reached * piety under Lugonu
   580 | D:1      | Reached skill level 3 in Polearms
   596 | D:1      | Reached skill level 1 in Shields
   933 | D:2      | Reached XP level 3. HP: 23/23 MP: 5/5
  1517 | D:2      | Found a blossoming altar of Fedhas.
  1649 | D:2      | Reached XP level 4. HP: 21/28 MP: 6/6
  1656 | D:1      | Reached skill level 4 in Polearms
  1878 | D:2      | Reached ** piety under Lugonu
  2215 | D:2      | Gained mutation: You can fly continuously. [Tengu growth]
  2215 | D:2      | Reached XP level 5. HP: 23/32 MP: 7/7
  2512 | D:2      | Reached skill level 5 in Polearms
  2643 | D:3      | Noticed Ijyb
  2690 | D:3      | Killed Ijyb
  3071 | D:3      | Reached XP level 6. HP: 15/37 MP: 8/8
  3288 | D:3      | Found a snail-covered altar of Cheibriados.
  3683 | D:4      | Reached skill level 6 in Polearms
  3844 | D:4      | Mangled by an ogre

Illustrated notes

Levels and vault maps discovered:
D:1:      psy_arrival_fountain, layout_rooms, minmay_quantized
D:2:      layout_basic, nicolae_overflow_crystal_walls
D:3:      layout_basic, cheibriados_altar_1, uniq_ijyb
D:4:      layout_basic, lemuel_old_faithful

Skill      XL: |  1  2  3  4  5  6 |
---------------+-------------------+-----
Polearms       | 3 4 5 6 |  6.3
Shields        | 1 2 3 |  3.4
Fighting       | |  3.0
Armour         | |  2.1
Dodging        | |  1.1
Invocations    | |  1.5

Action                   |  1- 3 |  4- 6 || total
-------------------------+-------+-------++-------
Melee: Spear             |   110 |   184 ||   294
       Peck              |    15 |    20 ||    35
       Kick              |    18 |    35 ||    53
Invok: Depart the Abyss  |     1 |       ||     1
 Abil: Fly               |       |     1 ||     1
  Use: Potion            |       |     1 ||     1
Armor: Leather armour    |    13 |       ||    13
       Ring mail         |     2 |    21 ||    23
       Skin              |       |     2 ||     2
Dodge: Dodged            |    38 |    44 ||    82
Block: Buckler           |    11 |    26 ||    37
